 Dungeon Crawl Stone Soup version 0.30-a0-782-ge64f9170bb (webtiles) character file.

Game seed: 15286003394355835969

832 theswoord the Skirmisher (level 7, -9/38 HPs)
             Began as a Deep Elf Hunter on Feb 23, 2023.
             Mangled by Prince Ribbit (14 damage)
             ... on level 5 of the Dungeon.
             The game lasted 00:05:28 (4193 turns).

theswoord the Skirmisher (Deep Elf Hunter)          Turns: 4193, Time: 00:05:29

Health: -9/38      AC:  6    Str: 10    XL:     7   Next: 65%
Magic:  9/9        EV:  9    Int: 14    God:
Gold:   168        SH:  0    Dex: 18    Spells: 6/6 levels left

rFire   . . .      SeeInvis +    a - +0 shortbow
rCold   + . .      Faith    .    (shield currently unavailable)
rNeg    . . .      Spirit   .    h - +0 scale mail
rPois   .          Reflect  .    (no helmet)
rElec   .          Harm     .    (no cloak)
rCorr   .          Rampage  .    (no gloves)
Will    .....                    (no boots)
Stlth   +                        (no amulet)
HPRegen 0.26/turn                f - ring of see invisible
MPRegen 0.11/turn                n - ring of protection from cold

@: no status effects
A: no striking features
a: no special abilities


You were on level 5 of the Dungeon.
You visited 2 branches of the dungeon, and saw 6 of its levels.

You collected 168 gold pieces.

Inventory:

Hand Weapons
 a - a +0 shortbow (weapon)
Armour
 c - a +0 leather armour
 h - a +0 scale mail (worn)
 j - a +0 helmet
Jewellery
 f - a ring of see invisible (left hand)
 l - a ring of ice
 n - a ring of protection from cold (right hand)
Wands
 q - a wand of light (6)
 v - a wand of digging (4)
Scrolls
 b - 2 scrolls of immolation
 e - 2 scrolls of noise
 g - a scroll of magic mapping
 s - 2 scrolls of identify
 t - a scroll of enchant weapon {unknown}
 u - a scroll of brand weapon {unknown}
Potions
 d - a potion of brilliance {unknown}
 i - 2 potions of attraction
 k - 3 potions of mutation {unknown}
 m - 3 potions of might
 o - 2 potions of curing
 p - a potion of flight {unknown}
 r - a potion of lignification {unknown}


   Skills:
 - Level 1.5 Fighting
 + Level 12.4 Ranged Weapons
 - Level 2.4 Dodging
 - Level 1.2 Stealth


You had 6 spell levels left.
You didn't know any spells.
Your spell library contained the following spells:

 Spells                   Type           Power      Damage    Failure   Level
 Malign Gateway           Summ/Tloc      0%         N/A       100%        7
 Summon Horrible Things   Summ           0%         N/A       100%        8


Dungeon Overview and Level Annotations

Branches:
Dungeon (5/15)             Temple (1/1) D:5

Altars:
Ashenzari
Cheibriados
Dithmenos
Elyvilon
Fedhas
Hepliaklqana
Makhleb
Nemelex Xobeh
Okawaru
Sif Muna
Trog
Uskayaw
Vehumet
Wu Jian
Yredelemnul
Zin
The Shining One

Shops:
D:3 (

Annotations:
D:5 Prince Ribbit


Message History

You kill the iguana!
No target in view!
No target in view!
An ufetubus comes into view.
The ufetubus shouts!
An ufetubus is nearby!
An ufetubus is nearby!
An ufetubus is nearby!
You shoot an arrow. The arrow hits the ufetubus.
You shoot an arrow. The arrow misses the ufetubus.
You shoot an arrow. The arrow hits the ufetubus!
You kill the ufetubus!
No target in view!
No target in view!
Prince Ribbit comes into view.
Prince Ribbit is nearby!
Prince Ribbit is nearby!
Prince Ribbit is nearby!
You shoot an arrow. The arrow hits Prince Ribbit.
Your line of fire to Prince Ribbit is blocked by a plant.
Your line of fire to Prince Ribbit is blocked by a plant.
Your line of fire to Prince Ribbit is blocked by a plant.
You shoot an arrow. The arrow closely misses Prince Ribbit.
You shoot an arrow. The arrow barely misses Prince Ribbit.
Prince Ribbit barely misses you.
You shoot an arrow. The arrow misses Prince Ribbit.
Prince Ribbit barely misses you.
Prince Ribbit blinks!
You shoot an arrow. The arrow hits Prince Ribbit!
Prince Ribbit hits you!
You shoot an arrow. The arrow hits Prince Ribbit!
Prince Ribbit hits you. Prince Ribbit closely misses you.
You shoot an arrow.
The arrow hits Prince Ribbit but does no damage.
Prince Ribbit lets out a mournful croak.
Prince Ribbit closely misses you.
You shoot an arrow. The arrow barely misses Prince Ribbit.
Prince Ribbit hits you but does no damage.
Prince Ribbit hits you!
* * * LOW HITPOINT WARNING * * *
You shoot an arrow. The arrow hits Prince Ribbit.
Prince Ribbit hits you!
You die...

...............
.P.P.PPP...PP....P. ..
♣...♣♣♣..P♣♣♣...♣♣♣ ...
♣...♣ ♣...♣ ♣..P♣ ♣
..P♣♣♣..P♣♣♣...♣♣♣P..♣♣♣
#..$...P..PPP..P.P.......
#........................
#...P.P.FP.P$P.P.....P..(
#...♣ ♣.@.♣ .♣♣♣...♣♣♣
#...♣ ♣..P♣ ♣...♣ ♣
#...♣♣♣...♣♣♣..P♣♣♣...♣♣♣
#...PP...P......P..P...P.
#........................
#.....P......P...P...PP..
#...♣♣♣...♣♣♣...♣♣♣P.P♣♣♣
#..P♣ ♣...♣ ♣...♣ ♣...♣ ♣
#...♣♣♣P..♣♣♣P.P♣♣♣...♣♣♣


You could see Prince Ribbit.

Vanquished Creatures
  Sigmund (D:3)
  Duvessa (D:5)
  An ice beast (D:4)
  2 necrophages
  Dowan (D:5)
  An orc priest (D:3)
  A hound (D:5)
  An iguana (D:5)
  An orc wizard (D:4)
  11 adders
  An ufetubus (D:5)
  A worm (D:2)
  2 dart slugs (D:1)
  7 orcs
  6 ball pythons
  6 endoplasms
  3 giant cockroaches
  8 hobgoblins
  4 jackals (D:4)
  5 quokkas
  3 bats
  5 frilled lizards
  6 goblins
  7 kobolds
  7 rats
92 creatures vanquished.

Vanquished Creatures (others)
  10 plants (D:5)
10 creatures vanquished.

Grand Total: 102 creatures vanquished

Notes
Turn   | Place    | Note
-------+----------+-------------------------------------------
     0 | D:1      | theswoord the Deep Elf Hunter began the quest for the Orb.
     0 | D:1      | Reached XP level 1. HP: 12/12 MP: 3/3
   170 | D:1      | Reached XP level 2. HP: 16/16 MP: 4/4
   177 | D:1      | Reached skill level 6 in Ranged Weapons
   664 | D:2      | Reached XP level 3. HP: 20/20 MP: 5/5
   932 | D:2      | Reached skill level 7 in Ranged Weapons
  1141 | D:2      | Reached XP level 4. HP: 25/25 MP: 6/6
  1538 | D:3      | Noticed Sigmund
  1546 | D:3      | Killed Sigmund
  1547 | D:3      | Reached skill level 9 in Ranged Weapons
  1547 | D:3      | Reached XP level 5. HP: 27/29 MP: 7/7
  1586 | D:3      | Reached XP level 6. HP: 34/34 MP: 8/8
  2275 | D:3      | Found Etaahaoda's Antique Weapon Emporium.
  2401 | D:4      | Reached skill level 10 in Ranged Weapons
  2674 | D:4      | Noticed an ice beast
  2684 | D:4      | Killed an ice beast
  3071 | D:4      | Reached skill level 11 in Ranged Weapons
  3071 | D:4      | Reached XP level 7. HP: 29/38 MP: 9/9
  3231 | D:4      | Found a shimmering blue altar of Sif Muna.
  3266 | D:5      | Entered Level 5 of the Dungeon
  3525 | D:5      | Found a staircase to the Ecumenical Temple.
  3546 | Temple   | Entered the Ecumenical Temple
  3834 | D:5      | Noticed Duvessa
  3841 | D:5      | Noticed Dowan
  3842 | D:5      | Killed Duvessa
  3843 | D:5      | Reached skill level 12 in Ranged Weapons
  3857 | D:5      | Killed Dowan
  4183 | D:5      | Noticed Prince Ribbit
  4193 | D:5      | Mangled by Prince Ribbit

Skill      XL: |  1  2  3  4  5  6  7 |
---------------+----------------------+-----
Ranged Weapons | 6 7 9 11 12 | 12.4
Fighting       | |  1.5
Dodging        | |  2.4
Stealth        | |  1.2

Action                     |  1- 3 |  4- 6 |  7- 9 || total
---------------------------+-------+-------+-------++-------
   Fire: Shortbow          |    89 |   154 |    73 ||   316
  Evoke: Wand              |       |       |     4 ||     4
    Use: Scroll            |     4 |     3 |       ||     7
         Potion            |       |     3 |       ||     3
 Armour: Scale mail        |    12 |    50 |    21 ||    83
  Dodge: Dodged            |    11 |    51 |    30 ||    92

Levels and vault maps discovered:
D:1:      nzn_arrival_depleted_hourglass, layout_basic
D:2:      layout_loops_corners, kennysheep_generic_room_9
D:3:      layout_loops_ring, serial_shops, nicolae_diamond_shop, st_stairs_1,
          minmay_stone_trees_large, uniq_sigmund
D:4:      layout_basic, lemuel_blue_sif_altar
D:5:      layout_basic, minmay_temple_entry_statues_fountains, kennysheep_boxes,
          uniq_prince_ribbit1, uniq_duvessa
Temple:   compressed_dpeg_triangle_lava_temple
